 Dungeon Crawl Stone Soup version 0.29-a0-838-g385bb11a5b (webtiles) character file.

Game seed: 16425758214587335078

73 LynnLen the Sneak (level 4, 0/25 HPs)
             Began as a Vampire Enchanter on July 14, 2022.
             Slain by a jackal (1 damage)
             ... on level 2 of the Dungeon.
             The game lasted 00:04:09 (2107 turns).

LynnLen the Sneak (Vampire Enchanter)               Turns: 2107, Time: 00:04:10

Health: 0/25       AC:  2    Str:  7    XL:     4   Next: 8%
Magic:  7/7        EV: 12    Int: 17    God:
Gold:   62         SH:  0    Dex: 16    Spells: 1/7 levels left

rFire   . . .      SeeInvis +   a - +1 dagger
rCold   + + .      Faith    .   (no shield)
rNeg    + + +      Spirit   .   b - +0 robe
rPois   ∞          Reflect  .   (no helmet)
rElec   .          Harm     .   (no cloak)
rCorr   .          Rampage  .   (no gloves)
Will    .....                   (no boots)
Stlth   +++++.....              (no amulet)
HPRegen 0.00/turn               (no ring)
MPRegen 0.10/turn               (no ring)

@: bloodless, inhibited regen
A: bloodless, fangs 3, see invisible, vampiric 2
a: Bat Form, Revivify


You were on level 2 of the Dungeon.
You visited 1 branch of the dungeon, and saw 2 of its levels.

You collected 62 gold pieces.

Inventory:

Hand Weapons
 a - a +1 dagger (weapon)
 f - a +5 spectral club
Missiles
 g - 12 stones (quivered)
Armour
 b - a +0 robe (worn)
Scrolls
 h - a scroll of noise {unknown}
 j - a scroll of magic mapping {unknown}
Potions
 c - a potion of invisibility
 e - a potion of might {unknown}
 i - a potion of brilliance {unknown}


   Skills:
 * Level 1.2 Fighting
 * Level 2.7 Short Blades
 + Level 2.5 Dodging
 + Level 5.7 Stealth
 - Level 2.0 Spellcasting
 - Level 4.4 Hexes


You had one spell level left.
You knew the following spells:

 Your Spells              Type           Power      Damage    Failure   Level
a - Confusing Touch       Hex            16%        N/A       10%         3
b - Tukima's Dance        Hex            16%        N/A       10%         3

Your spell library contained the following spells:

 Spells                   Type           Power      Damage    Failure   Level
 Ensorcelled Hibernation  Hex/Ice        18%        N/A       12%         2
 Dazzling Flash           Conj/Hex       18%        N/A       24%         3
 Ozocubu's Armour         Ice            1%         N/A       50%         3
 Ozocubu's Refrigeration  Ice            0%         4d5       100%        7


Dungeon Overview and Level Annotations

Branches:
Dungeon (2/15)

Altars:
Wu Jian


Innate Abilities, Weirdness & Mutations

You do not regenerate when monsters are visible.
You are frail without blood (-20% HP).
You can heal yourself when you bite living creatures.
You are immune to poison.
You have razor-sharp teeth.
You have supernaturally acute eyesight. (SInv)
You are afflicted with vampirism and can become a bat while bloodless.


Message History

The jackal is severely wounded.
The jackal barely misses you.
The jackal bites you but does no damage.
You hit the jackal.
The jackal is almost dead.
The jackal bites you. x2
The jackal bites you but does no damage.
You closely miss the jackal.
The jackal is almost dead.
The jackal bites you. x3
You barely miss the jackal.
The jackal is almost dead.
The jackal barely misses you. The jackal misses you.
You hit the jackal.
You kill the jackal!
The jackal barely misses you.
You hit the jackal.
You kill the jackal!
The jackal barely misses you.
You hit the jackal but do no damage. The jackal bites you.
The jackal closely misses you. The jackal bites you.
* * * LOW HITPOINT WARNING * * *
You hit the jackal but do no damage. Your bite misses the jackal.
The jackal misses you. The jackal barely misses you.
You closely miss the jackal. The jackal closely misses you.
The jackal bites you.
* * * LOW HITPOINT WARNING * * *
You hit the jackal but do no damage. You punch the jackal.
The jackal is moderately wounded.
The jackal misses you. The jackal barely misses you.
The jackal closely misses you. The jackal barely misses you.
You hit the jackal but do no damage.
The jackal is moderately wounded.
The jackal bites you but does no damage.
The jackal bites you.
* * * LOW HITPOINT WARNING * * *
You hit the jackal.
You kill the jackal!
The jackal bites you.
You die...

#.# #.##
#..# #..#
#..# #).#
#..#
#..########
#..@†..>.>.
##.h####.##
#..# #..#
#.$# #..#
#..# #..#
#..#


You could see a jackal.

Vanquished Creatures
  Jessica (D:2)
  A dart slug (D:1)
  4 endoplasms
  A giant cockroach (D:1)
  9 goblins
  3 hobgoblins
  7 jackals
  A kobold (D:2)
  A quokka (D:1)
  3 ball pythons
  3 bats
  3 frilled lizards (D:1)
  3 rats
40 creatures vanquished.

Vanquished Creatures (others)
  7 demonic plants (D:2)
  10 fungi (D:2)
  11 plants (D:2)
  7 withered plants (D:2)
35 creatures vanquished.

Grand Total: 75 creatures vanquished

Notes
Turn   | Place    | Note
-------+----------+-------------------------------------------
     0 | D:1      | LynnLen the Vampire Enchanter began the quest for the Orb.
     0 | D:1      | Reached XP level 1. HP: 13/13 MP: 3/3
   192 | D:1      | Reached XP level 2. HP: 8/16 MP: 5/5
   559 | D:1      | Reached skill level 5 in Stealth
   577 | D:1      | Reached skill level 1 in Fighting
   627 | D:1      | Gained mutation: You are afflicted with vampirism and can
                  | become a bat while bloodless. [Vampire growth]
   627 | D:1      | Reached XP level 3. HP: 5/20 MP: 6/6
  1558 | D:2      | Found an ornate altar of the Wu Jian Council.
  1569 | D:2      | Noticed Jessica
  1576 | D:2      | Killed Jessica
  1584 | D:2      | Learned a level 3 spell: Confusing Touch
  1588 | D:2      | Learned a level 3 spell: Tukima's Dance
  1729 | D:2      | Found a faded altar of an unknown god.
  1741 | D:2      | Reached XP level 4. HP: 25/25 MP: 7/7
  1799 | D:2      | HP: 1/25 [gnoll/+0 spear (7)]
  2106 | D:2      | HP: 1/25 [jackal (3)]
  2107 | D:2      | Slain by a jackal

Illustrated notes

Levels and vault maps discovered:
D:1:      dpeg_arrival_line_fractal, layout_basic, minivault_26, st_stairs_1
D:2:      layout_loops_ring, shapermc_ecumenical_altar_gd, basic_altar,
          uniq_jessica

Skill      XL: |  1  2  3 |
---------------+----------+-----
Stealth        | 5 |  5.7
Fighting       | 1 |  1.2
Short Blades   | 2 |  2.7
Dodging        | |  2.5
Spellcasting   | |  2.0
Hexes          | |  4.4

Action                   |  1- 3 |  4- 6 || total
-------------------------+-------+-------++-------
Melee: Dagger            |    97 |    22 ||   119
       Bite              |     5 |     2 ||     7
       Club              |       |    15 ||    15
       Punch             |       |     1 ||     1
 Abil: Exsanguinate      |     1 |       ||     1
  Use: Scroll            |     3 |       ||     3
       Potion            |       |     3 ||     3
 Stab: Sleeping          |    13 |     1 ||    14
Armor: Robe              |    19 |     6 ||    25
Dodge: Dodged            |    53 |    32 ||    85

Table legend: (Time is in decaauts)
 A = Elapsed time spent in this place.
 B = Non-inter-level travel time spent in this place.
 C = Inter-level travel time spent in this place.
 D = Time resting spent in this place.
 E = Time spent auto-exploring this place.
 F = Levels seen in this place.
 G = Mean time per level.
                   A        B        C        D        E       F      G
               +--------+--------+--------+--------+--------+-----+--------+
         Total |   2098 |   2098 |      0 |    197 |   1411 |   2 | 1049.0 |
       Dungeon |   2098 |   2098 |      0 |    197 |   1411 |   2 | 1049.0 |
               +--------+--------+--------+--------+--------+-----+--------+

Top non-repeatable levels by time:
     D:1: 1531 daAuts
     D:2: 566 daAuts
